Map: 暮色之塔

Players

SithBouth - Winner!

  • Race: Protoss Protoss
  • League: Platinum

Quail

  • Race: Protoss Protoss
  • League: Diamond

VOD

Have the link to the VOD?

Description

Time

  • Played on: Dec. 5, 2015, 5:40 a.m.
  • Length: 6:54
Show
View Real Time Build Order
Export as new Build Order

SithBouth Protoss - Winner!

Build Orders:  

Get SALT Encoding   

  12  0:01  Probe (Chrono Boost)  
  13  0:11  Probe (Chrono Boost)  
  14  0:18  Pylon  
  14  0:22  Probe (Chrono Boost)  
  15  0:36  Probe (Chrono Boost)  
  15  0:40  Gateway  
  16  0:46  Assimilator  
  16  0:48  Probe (Chrono Boost)  
  17  0:57  Assimilator  
  17  1:01  Probe (Chrono Boost)  
  18  1:11  Probe (Chrono Boost)  
  19  1:22  Probe (Chrono Boost)  
  20  1:27  Cybernetics Core  
  21  1:32  Probe (Chrono Boost)  
  21  1:43  Probe (Chrono Boost)  
  21  1:46  Pylon  
  22  1:53  Probe (Chrono Boost)  
  23  2:07  Warp Gate (Chrono Boost)  
  23  2:09  Gateway  
  23  2:12  Gateway  
  23  2:18  Probe  
  24  2:25  Stalker  
  24  2:29  Pylon  
  26  2:54  Robotics Facility  
  26  2:55  Stalker  
  28  3:00  Stalker  
  28  3:01  Stalker  
  32  3:09  Pylon  
  32  3:25  Stalker  
  34  3:30  Stalker  
  34  3:31  Stalker  
  38  3:37  Pylon  
  38  3:51  Immortal (Chrono Boost)  
  42  4:03  Stalker  
  42  4:09  Stalker  
  46  4:15  Stalker  
  48  4:25  Observer (Chrono Boost)  
  49  4:57  Sentry, Stalker  
  49  4:59  Nexus  
  49  5:09  Stalker  
  51  5:35  Stalker x3  
  55  6:00  Pylon  
  57  6:11  Immortal (Chrono Boost)  
  55  6:27  Stalker x3  
  49  6:52  Zealot x3  
Show
View Real Time Build Order
Export as new Build Order

Quail Protoss 

Build Orders: 1 Gate Expand, Dark Templar Rush 

Get SALT Encoding   

  12  0:00  Probe (Chrono Boost)  
  13  0:11  Probe (Chrono Boost)  
  14  0:17  Pylon  
  14  0:22  Probe (Chrono Boost)  
  15  0:36  Probe (Chrono Boost), Gateway  
  16  0:54  Probe (Chrono Boost)  
  17  1:07  Nexus  
  17  1:13  Assimilator  
  17  1:17  Assimilator  
  17  1:29  Cybernetics Core  
  17  1:31  Probe (Chrono Boost)  
  18  1:42  Probe (Chrono Boost)  
  19  1:52  Probe (Chrono Boost)  
  20  1:58  Pylon  
  20  2:03  Probe (Chrono Boost)  
  23  2:09  Stalker  
  23  2:16  Probe (Chrono Boost), Warp Gate  
  24  2:25  Probe (Chrono Boost)  
  24  2:27  Probe (Chrono Boost)  
  26  2:36  Probe (Chrono Boost)  
  27  2:42  Twilight Council  
  29  2:47  Probe (Chrono Boost)  
  29  2:48  Probe (Chrono Boost)  
  31  2:56  Stalker  
  31  2:58  Mothership Core (Chrono Boost)  
  33  2:59  Probe (Chrono Boost)  
  34  3:06  Gateway  
  34  3:15  Pylon  
  34  3:16  Probe (Chrono Boost)  
  35  3:21  Probe (Chrono Boost)  
  37  3:27  Probe (Chrono Boost), Pylon  
  37  3:33  Dark Shrine  
  37  3:34  Probe (Chrono Boost)  
  38  3:44  Probe (Chrono Boost)  
  38  3:45  Probe (Chrono Boost)  
  38  3:46  Stalker  
  42  3:54  Probe (Chrono Boost)  
  43  3:55  Gateway  
  43  3:58  Stalker  
  45  4:10  Pylon  
  45  4:13  Gateway  
  45  4:16  Blink (Chrono Boost)  
  45  4:19  Probe x2 (Chrono Boost)  
  47  4:32  Probe x2  
  47  4:33  Robotics Facility  
  49  4:41  Stalker  
  51  4:49  Stalker  
  53  4:55  Assimilator  
  53  4:59  Stalker, Assimilator  
  53  5:20  Dark Templar  
  53  5:33  Stalker  
  53  5:37  Zealot x2  
  57  5:53  Pylon  
  55  5:59  Pylon  
  51  6:15  Stalker  
  50  6:30  Pylon  
Tags
 
Add a new tag
Caveats
  • Supply blocks, unpowered buildings, or Contaminate may cause inaccurate times.
  • Supply counts are checked every 10 seconds.